 Dungeon Crawl Stone Soup version 0.30-a0-719-gcc4359ea44 (webtiles) character file.

Game seed: 6336377090142780132

42 Arximoufas the Chiller (level 3, -1/24 HPs)
             Began as a Barachi Ice Elementalist on Jan 26, 2023.
             Killed by nerve-wracking pain
             ... invoked by Jessica
              (8 damage)
             ... on level 2 of the Dungeon.
             The game lasted 00:07:22 (1404 turns).

Arximoufas the Chiller (Barachi Ice Elementalist)   Turns: 1404, Time: 00:07:22

Health: -1/24      AC:  2    Str:  9    XL:     3   Next: 56%
Magic:  2/7        EV: 12    Int: 17    God:
Gold:   73         SH:  0    Dex: 12    Spells: 6/7 levels left

rFire   . . .      SeeInvis +    (no weapon)
rCold   . . .      Faith    .    (no shield)
rNeg    . . .      Spirit   .    a - +0 robe
rPois   +          Reflect  .    (no helmet)
rElec   .          Harm     .    (no cloak)
rCorr   .          Rampage  .    (no gloves)
Will    .....                    (no boots)
Stlth   ++                       (no amulet)
HPRegen 0.24/turn                c - ring of poison resistance
MPRegen 0.10/turn                j - ring of see invisible

@: mighty, lethally poisoned (-1 -> -6), invisible, slow
A: amphibious, slowness 1, strong legs 1, +LOS
a: Hop


You were on level 2 of the Dungeon.
You visited 1 branch of the dungeon, and saw 2 of its levels.

You collected 73 gold pieces.

Inventory:

Armour
 a - a +0 robe (worn)
Jewellery
 c - a ring of poison resistance (left hand)
 j - a ring of see invisible (right hand)
Scrolls
 h - a scroll of vulnerability
Potions
 b - a potion of magic
 g - a potion of cancellation {unknown}
 k - a potion of lignification {unknown}


   Skills:
 - Level 2.1 Dodging
 - Level 3.0 Stealth
 + Level 2.9 Spellcasting
 - Level 5.0 Ice Magic


You had 6 spell levels left.
You knew the following spells:

 Your Spells              Type           Power      Damage    Failure   Level
a - Freeze                Ice            76%        1d8       2%          1

Your spell library contained the following spells:

 Spells                   Type           Power      Damage    Failure   Level
 Frozen Ramparts          Ice            38%        1d6       7%          3
 Ozocubu's Armour         Ice            19%        N/A       7%          3
 Blink                    Tloc           4%         N/A       26%         2
 Gell's Gravitas          Tloc           2%         N/A       47%         3
 Teleport Other           Tloc           2%         N/A       47%         3
 Summon Ice Beast         Ice/Summ       11%        N/A       52%         4
 Manifold Assault         Tloc           2%         N/A       87%         4
 Dispersal                Tloc           1%         N/A       100%        6
 Storm Form               Tmut/Air       1%         N/A       100%        7


Dungeon Overview and Level Annotations

Branches:
Dungeon (2/15)

Altars:

Annotations:
D:2 1 runed translucent door, Crazy Yiuf, Jessica


Innate Abilities, Weirdness & Mutations

You are amphibious.
You cover ground slowly.
You can hop short distances.
You have an extended range of vision and can be seen from far away.


Message History

Jessica mumbles some strange words.
Jessica blinks!
The ball python bites you.
* * * LOW HITPOINT WARNING * * *
The ball python barely misses you.
An adder comes into view.
The adder hisses angrily.
Jessica mumbles some strange words.
Jessica blinks!
Found a scale mail.
The ball python barely misses you. The ball python grabs you.
The ball python constricts you.
* * * LOW HITPOINT WARNING * * *
Aiming: Freeze (safe; 2% risk of failure)
Press: ? - help, Q - select action, (/) - cycle Shift-Dir - straight line, f - ball python
Aim: a ball python (constricting you)
You freeze the ball python.
The ball python is moderately wounded.
The ball python bites you but does no damage.
The ball python constricts you.
* * * LOW HITPOINT WARNING * * *
Aiming: Freeze (safe; 2% risk of failure)
Press: ? - help, Q - select action, (/) - cycle Shift-Dir - straight line, f/p - ball python
Aim: a ball python (moderately wounded, constricting you)
You freeze the ball python!
You kill the ball python!
The adder bites you.
* * * LOW HITPOINT WARNING * * *
It was a potion of might.
You feel very mighty all of a sudden. The adder misses you.
It was a potion of curing.
You feel better. The adder bites you.
You are poisoned.
The adder poisons you! Jessica hits you with a +0 dagger.
It was a potion of invisibility.
You fade into invisibility!
* * * LOW HITPOINT WARNING * * *
You feel sick. The adder closely misses you.
Jessica gestures at you while chanting. Pain shoots through your body!
You die...

#.# #~~≈≈~#....
#)## #~≈≈~~##.##
#..#####~≈≈~<....#
##...88~~≈≈@88...#
#...............#
#...........§...#
##..88~≈≈~~88...#
####~~≈≈~#####@#
#~≈≈~~# #@.#
#~≈≈~.....S.#
#~~≈≈~.......#
#~≈≈~~..(.....
#~≈≈~#.......##
#~≈≈~#........
#......## #......#
.....[..


You could see an adder (unable to see you) and Jessica (fast, unable to see
you).

Vanquished Creatures
  An adder (D:2)
  5 ball pythons
  4 endoplasms
  2 giant cockroaches (D:1)
  3 goblins
  6 hobgoblins
  2 kobolds (D:1)
  A quokka (D:1)
  A bat (D:1)
  4 frilled lizards
  2 rats (D:1)
31 creatures vanquished.

Notes
Turn   | Place    | Note
-------+----------+-------------------------------------------
     0 | D:1      | Arximoufas the Barachi Ice Elementalist began the quest for
                  | the Orb.
     0 | D:1      | Reached XP level 1. HP: 13/13 MP: 3/3
   189 | D:1      | Reached skill level 5 in Ice Magic
   189 | D:1      | Reached XP level 2. HP: 19/19 MP: 0/5
   637 | D:1      | Found a faded altar of an unknown god.
  1029 | D:2      | Reached XP level 3. HP: 24/24 MP: 4/6
  1119 | D:2      | Found a runed translucent door.
  1120 | D:2      | Noticed Crazy Yiuf
  1161 | D:2      | Noticed Jessica
  1404 | D:2      | Killed from afar by Jessica

Illustrated notes

Levels and vault maps discovered:
D:1:      lemuel_arrival_muddy, layout_basic,
          hellmonk_ecumenical_altar_arch_garden, minmay_tetromino_l2
D:2:      wander_river, layout_basic, uniq_crazy_yiuf_cottage, uniq_jessica

Skill      XL: |  1  2  3 |
---------------+----------+-----
Stealth        | 2 3 |  3.0
Ice Magic      | 5 |  5.0
Dodging        | |  2.1
Spellcasting   | |  2.9

Action                     || total
---------------------------++-------
  Melee: Unarmed           ||     1
   Cast: Freeze            ||    52
    Use: Scroll            ||     3
         Potion            ||     3
 Armour: Robe              ||     6
  Dodge: Dodged            ||    25

Table legend: (Time is in decaauts)
 A = Elapsed time spent in this place.
 B = Non-inter-level travel time spent in this place.
 C = Inter-level travel time spent in this place.
 D = Time resting spent in this place.
 E = Time spent auto-exploring this place.
 F = Levels seen in this place.
 G = Mean time per level.
                   A        B        C        D        E       F      G
               +--------+--------+--------+--------+--------+-----+--------+
         Total |   1583 |   1498 |     85 |    346 |    771 |   2 |  791.5 |
       Dungeon |   1583 |   1498 |     85 |    346 |    771 |   2 |  791.5 |
               +--------+--------+--------+--------+--------+-----+--------+

Top non-repeatable levels by time:
     D:1: 1141 daAuts
     D:2: 441 daAuts
